 Dungeon Crawl Stone Soup version 0.19.5 (webtiles) character file.

10882 Goboxel the Spear-Bearer (level 11, -16/86 HPs)
             Began as a Demonspawn Gladiator on Apr 4, 2017.
             Was a Priest of Makhleb.
             Demolished by an orc warrior
             ... wielding a +0 war axe
              (17 damage)
             ... on level 10 of the Dungeon.
             The game lasted 00:22:22 (7992 turns).

Goboxel the Spear-Bearer (Demonspawn Gladiator)     Turns: 7992, Time: 00:22:23

Health: -16/86     AC: 11    Str: 21    XL:     11   Next: 42%
Magic:  12/12      EV: 15    Int:  9    God:    Makhleb [***...]
Gold:   358        SH:  0    Dex: 17    Spells: 0 memorised, 10 levels left

rFire  . . .     SeeInvis .     M - +1 war axe (venom)
rCold  . . .     Gourm    .     p - +0 ring mail
rNeg   . . .     Faith    .     (no shield)
rPois  .         Spirit   .     c - +1 helmet
rElec  .         Reflect  .     (no cloak)
rCorr  .         Harm     .     r - +0 pair of gloves
MR     +....                    (no boots)
Stlth  ++........               (no amulet)
                                C - ring of protection from magic
                                k - +1 ring of evasion (curse)

@: mighty, lethally poisoned (-16 -> -17)
A: talons 2, molten scales 1, nightstalker 1
a: Minor Destruction, Lesser Servant of Makhleb, Renounce Religion


You were on level 10 of the Dungeon.
You worshipped Makhleb.
Makhleb was most pleased with you.
You were hungry.

You visited 2 branches of the dungeon, and saw 11 of its levels.

You collected 418 gold pieces.
You spent 60 gold pieces at shops.

Inventory:

Hand Weapons
 w - a +3 trident of venom
 z - a +2 hand axe of chopping
 D - a +5 halberd of freezing
 M - a +1 war axe of venom (weapon)
Armour
 c - a +1 helmet (worn)
 p - a +0 ring mail (worn)
 r - a +0 pair of gloves (worn)
Jewellery
 d - an uncursed amulet of the gourmand {unknown}
 k - a cursed +1 ring of evasion (left hand)
 q - an uncursed ring of resist corrosion
 t - an uncursed ring of protection from fire
 u - a +6 ring of dexterity
 v - an uncursed ring of ice
 C - a ring of protection from magic (right hand)
 P - an uncursed ring of fire {unknown}
Wands
 A - a wand of flame (19/48)
 I - a wand of iceblast (7/15)
 K - a wand of disintegration (13/24)
 O - a wand of flame (41/48)
Scrolls
 g - 3 scrolls of teleportation
 m - 5 scrolls of fog
 o - 2 scrolls of noise
 x - a scroll of magic mapping {unknown}
 y - a scroll of fear
 E - a scroll of amnesia {unknown}
 J - a scroll of recharging {unknown}
 Q - a scroll of vulnerability {unknown}
Potions
 a - a potion of ambrosia {unknown}
 b - 2 potions of flight {unknown}
 e - 10 potions of curing
 j - a potion of lignification {unknown}
 n - a potion of mutation {unknown}
 s - a potion of agility {unknown}
 H - a potion of cancellation {unknown}
 N - a potion of brilliance {unknown}
Comestibles
 f - 5 bread rations
 h - 7 fruits
 i - 2 meat rations
 B - a royal jelly
 F - a beef jerky
 L - 12 chunks of flesh


   Skills:
 + Level 8.0 Fighting
 + Level 7.8(10.3) Axes
 + Level 10.7(11.6) Polearms
 - Level 1.7 Throwing
 + Level 5.7 Armour
 + Level 5.3 Dodging
 * Level 2.2 Invocations


You had 10 spell levels left.
You didn't know any spells.

Dungeon Overview and Level Annotations

Branches:
Dungeon (10/15)            Temple (1/1) D:4
   Lair: D:8-11         Orc: D:9-12

Altars:
Ashenzari
Cheibriados
Elyvilon
Fedhas
Gozag
Hepliaklqana
Kikubaaqudgha
Makhleb
Nemelex Xobeh
Okawaru
Qazlal
Ru
Sif Muna
Trog
Uskayaw
Vehumet
Xom
Yredelemnul
Zin
The Shining One

Shops:
D:4 ?   D:9 %


Innate Abilities, Weirdness & Mutations

You have razor-sharp toenails.
You are partially covered in molten scales. (AC +2)
You are slightly more attuned to the shadows.


Message History

* * * LOW HITPOINT WARNING * * *
You completely miss the orc warrior. You slash the warg!
You slash the orc wizard!
The orc wizard is poisoned.
You closely miss the warg.
You kill the warg!
Makhleb accepts your kill. The warg barely misses you.
The orc warrior hits you with a war axe.
* * * LOW HITPOINT WARNING * * *
The orc barely misses you.
The orc wizard hits you but does no damage.
The orc priest invokes the aid of Beogh against you.
Beogh smites you!
* * * LOW HITPOINT WARNING * * *
The warg misses you.
You closely miss the orc priest. You slash the warg! You slash the orc warrior!
The orc warrior is poisoned.
You barely miss the crimson imp. You closely miss the orc wizard.
The orc warrior hits you with a war axe!
You die...

##.......# #..o......
#......... #.........
#.oo...... #.5oh.....
#..@o.....
########.o.......
.......#.........
................. ...
.......#.........##.)
.
.......##(......##..
.#.
.......###......##.#
...# .......#
#####..#.# #...
.......## ##...#
##...


You could see a warg, an orc warrior, 2 orc priests, 2 orc wizards, a crimson
imp and an orc.

Vanquished Creatures
  Gastronok (D:8)
  Urug (D:10)
  2 hill giants
  The ghost of nano the Grave Robber, a novice VSNe (D:8)
  Maurice (D:10)
  Joseph (D:9)
  A hippogriff (D:8)
  A wyvern (D:10)
  10 yaks
  3 hungry ghosts
  A warg (D:10)
  A water moccasin (D:6)
  2 orc warriors
  5 ice beasts
  3 sky beasts
  2 necrophages
  4 ogres
  3 phantoms
  4 centaurs
  A crocodile (D:9)
  8 bullfrogs
  A wyvern skeleton (D:8)
  5 killer bees
  A scorpion (D:7)
  3 howler monkeys
  4 wights (D:7)
  3 crimson imps
  4 hounds
  3 jellies
  4 orc priests
  6 orc wizards
  3 centaur skeletons
  9 worker ants
  A killer bee zombie (D:5)
  A hound skeleton (D:10)
  A worker ant zombie (D:7)
  A howler monkey skeleton (D:4)
  6 adders
  A shadow imp (D:10)
  An ooze (D:5)
  3 dart slugs
  4 worms
  5 leopard geckos
  32 orcs
  6 bats
  7 giant cockroaches
  3 goblins
  10 hobgoblins
  15 jackals
  6 kobolds
  3 quokkas
  A ball python (D:1)
  A frilled lizard (D:3)
  2 jackal skeletons
  A leopard gecko skeleton (D:7)
  A quokka skeleton (D:8)
  2 rats
216 creatures vanquished.

Vanquished Creatures (others)
  A rat (D:1)
1 creature vanquished.

Grand Total: 217 creatures vanquished

Notes
Turn   | Place    | Note
-------+----------+-------------------------------------------
     0 | D:1      | Goboxel the Demonspawn Gladiator began the quest for the Orb.
     0 | D:1      | Reached XP level 1. HP: 16/16 MP: 1/1
    85 | D:1      | Gained mutation: You are partially covered in molten scales. (AC +2) [demonic ancestry]
    85 | D:1      | Reached XP level 2. HP: 22/22 MP: 2/2
   327 | D:1      | Gained mutation: You have sharp toenails. [demonic ancestry]
   327 | D:1      | Reached XP level 3. HP: 8/28 MP: 3/3
  1071 | D:2      | Reached XP level 4. HP: 26/34 MP: 4/4
  1115 | D:2      | You fall through a shaft!
  1119 | D:3      | Reached skill level 1 in Armour
  1170 | D:3      | Found a shattered altar of Ashenzari.
  1657 | D:3      | Found a deep blue altar of Sif Muna.
  1663 | D:3      | Found a stormy altar of Qazlal.
  1693 | D:3      | Found a snail-covered altar of Cheibriados.
  1693 | D:3      | Found a hazy altar of Hepliaklqana.
  1937 | D:4      | Found Xypneucw's Magic Scroll Shoppe.
  1945 | D:4      | Bought a scroll of identify for 20 gold pieces
  1945 | D:4      | Bought a scroll of fog for 20 gold pieces
  1945 | D:4      | Bought a scroll of identify for 20 gold pieces
  2124 | D:4      | Noticed an orc warrior
  2134 | D:4      | Killed an orc warrior
  2134 | D:4      | Reached XP level 5. HP: 16/40 MP: 5/5
  2299 | D:4      | Reached skill level 5 in Axes
  2299 | D:4      | Reached XP level 6. HP: 39/46 MP: 6/6
  2309 | D:4      | Found a staircase to the Ecumenical Temple.
  2315 | Temple   | Entered the Ecumenical Temple
  2322 | Temple   | Became a worshipper of Makhleb the Destroyer
  2929 | D:5      | Entered Level 5 of the Dungeon
  2944 | D:5      | Got a dull robe
  2967 | D:5      | Noticed a sky beast
  2985 | D:5      | Killed a sky beast
  2985 | D:5      | Gained mutation: You are slightly more attuned to the shadows. [demonic ancestry]
  2985 | D:5      | Reached XP level 7. HP: 34/52 MP: 7/7
  3769 | D:5      | Identified the +2 robe of the Earth {Int+2} (You found it on level 5 of the Dungeon)
  4021 | D:6      | Reached XP level 8. HP: 46/60 MP: 8/8
  4075 | D:6      | Reached skill level 1 in Polearms
  4210 | D:6      | Identified a scroll of acquirement
  4221 | D:6      | Reached skill level 2 in Polearms
  4684 | D:6      | Found a sparkling altar of Nemelex Xobeh.
  4692 | D:6      | Reached skill level 3 in Polearms
  4784 | D:7      | Reached skill level 4 in Polearms
  4833 | D:7      | Reached skill level 5 in Fighting
  4837 | D:7      | Gained mutation: You have razor-sharp toenails. [demonic ancestry]
  4837 | D:7      | Reached XP level 9. HP: 47/68 MP: 9/9
  5171 | D:7      | Reached * piety under Makhleb
  5171 | D:7      | Reached skill level 5 in Polearms
  5294 | D:7      | Noticed a hill giant
  5342 | D:7      | Killed a hill giant
  5342 | D:7      | Reached skill level 6 in Polearms
  5948 | D:8      | Found Veipneqiri's Magic Scroll Shop.
  5996 | D:8      | Reached skill level 7 in Polearms
  6126 | D:8      | Noticed Gastronok
  6161 | D:8      | Killed Gastronok
  6161 | D:8      | Reached skill level 8 in Polearms
  6161 | D:8      | Reached skill level 5 in Armour
  6161 | D:8      | Reached skill level 5 in Dodging
  6161 | D:8      | Reached XP level 10. HP: 33/77 MP: 10/10
  6436 | D:8      | Noticed nano's ghost (novice VSNe)
  6445 | D:8      | Killed nano's ghost
  6445 | D:8      | Reached skill level 9 in Polearms
  6651 | D:9      | Reached ** piety under Makhleb
  6704 | D:9      | Found a white marble altar of Elyvilon.
  6918 | D:9      | Noticed Joseph
  6926 | D:9      | Killed Joseph
  7136 | D:9      | Reached skill level 10 in Polearms
  7427 | D:9      | Reached XP level 11. HP: 81/84 MP: 11/11
  7529 | D:9      | Found Bokeriud's Food Emporium.
  7558 | D:10     | Entered Level 10 of the Dungeon
  7671 | D:10     | Noticed a hill giant
  7696 | D:10     | Noticed Maurice
  7696 | D:10     | Killed a hill giant
  7713 | D:10     | Killed Maurice
  7798 | D:10     | Noticed Urug
  7813 | D:10     | Killed Urug
  7813 | D:10     | Reached skill level 1 in Invocations
  7980 | D:10     | Reached *** piety under Makhleb
  7991 | D:10     | HP: 1/86 [orc priest/divine providence (17)]
  7992 | D:10     | Demolished by an orc warrior

Skill      XL: |  1  2  3  4  5  6  7  8  9 10 11 |
---------------+----------------------------------+-----
Axes           | 3 4 5 6 7 |  7.8
Armour         | 2 3 4 5 |  5.7
Dodging        | 3 4 5 |  5.3
Fighting       | 3 4 5 6 7 8 |  8.0
Polearms       | 4 8 10 | 10.7
Invocations    | 2 |  2.2
Throwing       | |  1.7

Action                   |  1- 3 |  4- 6 |  7- 9 | 10-12 || total
-------------------------+-------+-------+-------+-------++-------
Melee: War axe           |    94 |   147 |    64 |    58 ||   363
       Kick              |     9 |    47 |    89 |    65 ||   210
       Trident           |       |       |   147 |       ||   147
       Halberd           |       |       |   108 |   160 ||   268
       Hand axe          |       |       |       |     8 ||     8
Invok: Minor Destruction |       |       |       |     3 ||     3
  Use: Scroll            |     7 |     6 |     4 |       ||    17
       Potion            |       |     1 |     2 |     3 ||     6
 Stab: Sleeping          |       |       |     7 |     3 ||    10
       Distracted        |       |       |     1 |       ||     1
  Eat: Chunk             |     1 |     5 |    11 |    10 ||    27
       Meat ration       |       |       |     1 |       ||     1
       Royal jelly       |       |       |     1 |       ||     1
Armor: Leather armour    |    48 |       |       |       ||    48
       Ring mail         |       |    54 |    96 |    59 ||   209
Dodge: Dodged            |    98 |   100 |   191 |   123 ||   512
